[Event "Team 45 45 League T69"]
[Site "Internet Chess Club"]
[Date "2016.07.01"]
[Round "4"]
[White "lacibacsi"]
[Black "deancorso1"]
[Result "1/2-1/2"]
[WhiteElo "2069"]
[BlackElo "1928"]
[Opening "Caro-Kann: classical variation"]
[ECO "B18"]
[Time "15:16:40"]
[TimeControl "2700+45"]

1. e4 c6 2. d4 d5 3. Nc3 dxe4 4. Nxe4 Bf5 5. Ng3 Bg6 6. N1e2 Nf6 7. h4 h6 8. Nf4
Bh7 9. Bc4 e6 10. O-O Bd6 11. Re1 O-O 12. c3 Qc7 13. Qf3 Nbd7 14. Nfh5 c5 15. b3
cxd4 16. cxd4 Nxh5 17. Nxh5 Bg6 18. Nf4 Bh7 19. Nh5 Bg6 20. Nf4 Bh7 21. Nh5 Bg6
{Game drawn by repetition} 1/2-1/2

[Event "Team 45 45 League T69"]
[Site "Internet Chess Club"]
[Date "2016.07.03"]
[Round "4"]
[White "JPSVI"]
[Black "roji"]
[Result "1-0"]
[WhiteElo "1511"]
[BlackElo "1818"]
[Opening "Bird: From gambit"]
[ECO "A02"]
[Time "21:00:11"]
[TimeControl "2700+45"]

1. f4 e5 2. fxe5 d6 3. Nf3 dxe5 4. e4 Bd6 5. d4 exd4 6. Qxd4 f6 7. Be3 Nc6 8.
Qc4 Bg4 9. Nc3 Qd7 10. Nb5 Bxf3 11. gxf3 Ne5 12. Nxd6+ Qxd6 13. Qb5+ Qc6 14.
Qxc6+ Nxc6 15. O-O-O a6 16. Bh3 Nge7 17. Rd7 Rc8 18. Rhd1 Ne5 19. R7d2 Ra8 20.
Bd7+ Kf7 21. Ba4 Rhc8 22. Bb3+ Ke8 23. f4 N5c6 24. Rd7 Nb8 25. Rxe7+ Kxe7 26.
Bc5+ Ke8 27. Be6 Nc6 28. Rd7 b6 29. Ba3 Nd4 30. Rxd4 Rd8 31. Rxd8+ Rxd8 32. b3
c5 33. Bb2 Ke7 34. Bd5 g5 35. f5 g4 36. Kd2 h5 37. c4 h4 38. Ke3 g3 39. hxg3 h3
40. Kf2 Rh8 41. Kg1 h2+ 42. Kh1 b5 43. cxb5 axb5 44. g4 Rh4 45. g5 fxg5 46. f6+
Kf8 47. Ba3 b4 48. Bc1 g4 49. Be3 g3 50. Bxc5+ Ke8 51. f7+ Kd7 52. f8=N+ Ke8 53.
e5 Rf4 54. Bc6+ Kf7 55. Bg2 Rf5 56. e6+ Kg8 57. Bxb4 Re5 58. e7 Re2 59. Nd7 Kf7
60. a4 Kg7 61. a5 Kf7 62. a6 Ra2 63. Ne5+ Kg7 64. Nf3 Ra1+ 65. Ne1 Kf7 66. a7
Rxa7 67. Bd5+ Ke8 68. Bc6+ Rd7 69. Ng2 {Black resigns} 1-0

[Event "Team 45 45 League T69"]
[Site "Internet Chess Club"]
[Date "2016.07.04"]
[Round "4"]
[White "QuieroAprender"]
[Black "fireball"]
[Result "1-0"]
[WhiteElo "1582"]
[BlackElo "1565"]
[Opening "French: Tarrasch, open variation"]
[ECO "C07"]
[Time "13:07:17"]
[TimeControl "2700+45"]

1. e4 e6 2. d4 d5 3. Nd2 c5 4. Bb5+ Bd7 5. Bxd7+ Nxd7 6. Qe2 Nb6 7. dxc5 Bxc5 8.
Nb3 Qc7 9. Qb5+ Nd7 10. exd5 exd5 11. Nxc5 Qxc5 12. Qxc5 Nxc5 13. Be3 b6 14.
O-O-O Ne7 15. h4 O-O-O 16. Nf3 Nf5 17. Bxc5 bxc5 18. Rhe1 f6 19. g4 Nh6 20. g5
Ng4 21. gxf6 Nxf6 22. Ng5 Rhe8 23. Ne6 Rd7 24. Nxc5 Rde7 25. Rxe7 Rxe7 26. Na4
Kc7 27. Nc3 Kc6 28. Rg1 g6 29. Kd2 Nh5 30. Ne2 Re4 31. Rh1 Kd6 32. Ng3 Re5 33.
Nxh5 Rxh5 34. f4 Ke6 35. Ke3 h6 36. Kd4 g5 37. fxg5 hxg5 38. Re1+ Kd6 39. hxg5
Rxg5 40. Re2 Rg4+ 41. Kd3 Kc5 42. b3 Rg3+ 43. Re3 Rg4 44. c3 a5 45. a3 Rg6 46.
b4+ axb4 47. axb4+ Kd6 48. Kc2 Rg2+ 49. Kb3 Rg1 50. Ka4 Ra1+ 51. Kb5 Ra8 52. Kb6
Rb8+ 53. Ka7 Rc8 54. b5 Kc5 55. b6 Rh8 56. b7 Kc4 57. b8=Q Rxb8 58. Kxb8 Kc5 59.
Kc7 d4 60. cxd4+ Kxd4 61. Re7 Kd5 62. Kd7 Kc5 63. Re5+ Kd4 64. Rg5 Ke4 65. Ke6
Kd4 66. Rg4+ Kc5 67. Rf4 Kc6 68. Rc4+ Kb5 69. Kd5 Kb6 70. Rc5 Kb7 71. Kd6 Kb6
72. Re5 Kb7 73. Rb5+ Kc8 74. Rb4 Kd8 75. Rb8# {Black checkmated} 1-0

[Event "Team 45 45 League T69"]
[Site "Internet Chess Club"]
[Date "2016.06.30"]
[Round "4"]
[White "jerryicc"]
[Black "Freitac"]
[Result "1/2-1/2"]
[WhiteElo "1861"]
[BlackElo "1970"]
[Opening "Caro-Kann: advance variation"]
[ECO "B12"]
[Time "19:30:19"]
[TimeControl "2700+45"]

1. e4 c6 2. d4 d5 3. e5 Bf5 4. Nf3 e6 5. Be2 c5 6. c3 Nc6 7. O-O cxd4 8. cxd4
Nge7 9. Nbd2 Rc8 10. Nb3 Ng6 11. Bd2 Be7 12. Rc1 O-O 13. h3 Nh4 14. Nxh4 Bxh4
15. Be3 Be7 16. Nc5 {Game drawn by mutual agreement} 1/2-1/2

[Event "Team 45 45 League T69"]
[Site "Internet Chess Club"]
[Date "2016.07.01"]
[Round "4"]
[White "santiagoelawad"]
[Black "qingjoshua"]
[Result "1-0"]
[WhiteElo "1973"]
[BlackElo "1684"]
[Opening "English: Anglo-Grünfeld defense"]
[ECO "A16"]
[Time "12:00:29"]
[TimeControl "2700+45"]

1. c4 Nf6 2. Nc3 d5 3. cxd5 Nxd5 4. e4 Nxc3 5. dxc3 Qxd1+ 6. Kxd1 e5 7. Be3 Nc6
8. Kc2 Bd7 9. a4 a5 10. Bc4 Bd6 11. Ne2 O-O 12. f3 Kh8 13. g4 f6 14. h4 Rae8 15.
h5 Ne7 16. Ng3 b6 17. Nf5 Nc8 18. b3 Bc6 19. Nh4 Rd8 20. Ng6+ {Black resigns}
1-0

[Event "Team 45 45 League T69"]
[Site "Internet Chess Club"]
[Date "2016.07.03"]
[Round "4"]
[White "AH2012"]
[Black "Portola"]
[Result "0-1"]
[WhiteElo "1655"]
[BlackElo "1849"]
[Opening "French: Tarrasch"]
[ECO "C03"]
[Time "20:00:23"]
[TimeControl "2700+45"]

1. e4 e6 2. d4 d5 3. Nd2 dxe4 4. Nxe4 Be7 5. Bf4 Nd7 6. Nf3 Ngf6 7. Nc3 O-O 8.
Bd3 b6 9. O-O Bb7 10. Re1 c5 11. Bc4 Qc8 12. d5 exd5 13. Nxd5 Nxd5 14. Bxd5 Bf6
15. c3 Bxd5 16. Qxd5 Rd8 17. Qc4 Nf8 18. Rad1 Qb7 19. h3 Ne6 20. Bg3 b5 21. Qe2
Qb6 22. Ne5 Qb7 23. Ng4 Be7 24. Ne5 c4 25. Nxf7 Rxd1 26. Qxd1 Kxf7 27. Qg4 Nf8
28. Be5 Bf6 29. Bd6 Re8 30. Rd1 Qe4 31. Qh5+ g6 32. Qxb5 Kg8 33. Kf1 Qe2+ 34.
Kg1 Qxd1+ 35. Kh2 Qxd6+ 36. g3 Qe6 37. Kg2 Qe4+ 38. Kh2 Rd8 39. Qa5 Rd1 40. Qxa7
Qh1# {White checkmated} 0-1

[Event "Team 45 45 League T69"]
[Site "Internet Chess Club"]
[Date "2016.07.01"]
[Round "4"]
[White "fishhead"]
[Black "LarsenB"]
[Result "1/2-1/2"]
[WhiteElo "1707"]
[BlackElo "1822"]
[Opening "French: Winawer, advance variation"]
[ECO "C18"]
[Time "12:27:28"]
[TimeControl "2700+45"]

1. e4 e6 2. d4 d5 3. Nc3 Bb4 4. e5 c5 5. a3 Bxc3+ 6. bxc3 Qa5 7. Bd2 Qa4 8. Nf3
b6 9. Bd3 Ba6 10. O-O Bxd3 11. cxd3 Qxd1 12. Rfxd1 Nd7 13. Re1 Ne7 14. a4 Nc6
15. c4 dxc4 16. d5 exd5 17. e6 Nf6 18. dxc4 d4 19. Ng5 fxe6 20. Rxe6+ Kd7 21.
Bf4 Nd8 22. Rd6+ Kc8 23. a5 h6 24. Ne6 Nxe6 25. Rxe6 Re8 26. Rxe8+ Nxe8 27. axb6
Kb7 28. bxa7 Rxa7 29. Rxa7+ Kxa7 30. Kf1 Ka6 31. Ke2 Ka5 32. Kd3 Kb4 33. Be5 Ka5
34. f4 Kb6 35. g4 Kc6 36. g5 hxg5 37. fxg5 g6 38. h4 Kd7 39. Ke4 Ke6 40. Bg3 Ng7
41. Be5 Nf5 42. h5 gxh5 43. g6 h4 44. g7 Nxg7 45. Bxg7 h3 46. Kf3 Kf5 47. Bf8 d3
48. Bd6 d2 49. Ke2 Ke4 50. Kxd2 Kd4 51. Ke2 Kxc4 52. Kf2 Kd4 53. Bxc5+ Kd3 54.
Kg3 h2 55. Kxh2 {Game drawn because neither player has mating material} 1/2-1/2

[Event "Team 45 45 League T69"]
[Site "Internet Chess Club"]
[Date "2016.07.03"]
[Round "4"]
[White "Yedixon"]
[Black "room-matt"]
[Result "0-1"]
[WhiteElo "1714"]
[BlackElo "1838"]
[Opening "Ruy Lopez: Schliemann defense"]
[ECO "C63"]
[Time "11:05:19"]
[TimeControl "2700+45"]

1. e4 e5 2. Nf3 Nc6 3. Bb5 f5 4. Bxc6 dxc6 5. Nxe5 Qd4 6. Qh5+ g6 7. Nxg6 hxg6
8. Qxg6+ Kd8 9. d3 Ne7 10. Qg3 fxe4 11. Bf4 Qxb2 12. Bxc7+ Ke8 13. Be5 Qc1+ 14.
Ke2 Qxc2+ 15. Nd2 Rg8 16. Rhc1 exd3+ 17. Qxd3 Bg4+ 18. f3 Qxd3+ 19. Kxd3 Bf5+
{White resigns} 0-1

[Event "Team 45 45 League T69"]
[Site "Internet Chess Club"]
[Date "2016.07.03"]
[Round "4"]
[White "Goli"]
[Black "OzymandiasVII"]
[Result "1-0"]
[WhiteElo "1817"]
[BlackElo "1674"]
[Opening "Ruy Lopez: exchange variation"]
[ECO "C68"]
[Time "19:17:36"]
[TimeControl "2700+45"]

1. e4 e5 2. Nf3 Nc6 3. Bb5 a6 4. Bxc6 bxc6 5. O-O d6 6. h3 Nf6 7. Re1 Be7 8. d4
exd4 9. Nxd4 Bd7 10. Nc3 O-O 11. Qf3 Qc8 12. e5 dxe5 13. Nxc6 Bxc6 14. Qxc6 Bd6
15. Bg5 Qf5 16. Bxf6 Qxf6 17. Ne4 Qg6 18. Rad1 Rfd8 19. Rd3 h6 20. Red1 a5 21.
Nxd6 cxd6 22. Rxd6 Qg5 23. Rxd8+ Rxd8 24. Rxd8+ Qxd8 25. Qc3 Qd1+ 26. Kh2 e4 27.
Qxa5 Qxc2 28. Qd8+ Kh7 29. Qd4 Qc7+ 30. g3 f5 31. a4 h5 32. h4 g6 33. b4 f4 34.
Qxe4 fxg3+ 35. fxg3 Qc3 36. b5 Qd2+ 37. Qg2 Qa5 38. Qb2 Qb6 39. a5 Qxa5 40. b6
Qa8 41. b7 Qb8 42. Qb6 Qe5 43. b8=Q Qe2+ 44. Kh1 Qf1+ 45. Kh2 Qe2+ 46. Kg1 Qe1+
47. Kg2 Qe2+ 48. Qf2 Qe4+ 49. Kh2 {Black resigns} 1-0

[Event "Team 45 45 League T69"]
[Site "Internet Chess Club"]
[Date "2016.07.01"]
[Round "4"]
[White "tightfist"]
[Black "zap2"]
[Result "0-1"]
[WhiteElo "1512"]
[BlackElo "1756"]
[Opening "Sicilian defense"]
[ECO "B30"]
[Time "09:04:44"]
[TimeControl "2700+45"]

1. Nf3 c5 2. e4 Nc6 3. Bc4 g6 4. O-O Bg7 5. c3 e6 6. d4 cxd4 7. cxd4 Nge7 8. Nc3
O-O 9. Be3 d5 10. Bd3 Nb4 11. Be2 dxe4 12. Nxe4 Nbd5 13. Bg5 Qb6 14. Rb1 h6 15.
Bxe7 Nxe7 16. Qa4 Rd8 17. Rfd1 Bd7 18. Qa3 Bc6 19. Nc5 Nf5 20. b4 Nxd4 21. Nxd4
Rxd4 22. Rxd4 Bxd4 23. Rc1 Rd8 24. Qb3 Bd5 25. Qb1 a5 26. a3 axb4 27. axb4 Ra8
28. Kf1 Ra1 29. Qc2 Rxc1+ 30. Qxc1 Qxb4 31. Nd3 Qc3 32. Qxh6 Qa1+ 33. Qc1 Bc4
34. Qe1 Kf8 35. f3 Ke7 36. Qxa1 Bxa1 37. Nb4 Bxe2+ 38. Kxe2 Kd6 39. Kd3 f5 40.
g3 g5 41. h3 Bf6 42. Kc4 g4 43. hxg4 fxg4 44. f4 e5 45. Nd5 b5+ 46. Kxb5 Kxd5
47. fxe5 Bxe5 48. Kb4 Kd4 49. Kb3 Kd3 {White resigns} 0-1

[Event "Team 45 45 League T69"]
[Site "Internet Chess Club"]
[Date "2016.07.02"]
[Round "4"]
[White "deancorso1"]
[Black "Jack-ONeill"]
[Result "1-0"]
[WhiteElo "1949"]
[BlackElo "2025"]
[Opening "QGD: exchange, positional line, 5...c6"]
[ECO "D35"]
[Time "11:17:54"]
[TimeControl "2700+45"]

1. d4 e6 2. c4 d5 3. Nc3 Nf6 4. cxd5 exd5 5. Bg5 c6 6. e3 Bf5 7. Bd3 Bxd3 8.
Qxd3 Be7 9. Nf3 Nbd7 10. O-O O-O 11. h3 Re8 12. Bf4 Nf8 13. Rac1 Ng6 14. Bh2 Bd6
15. Bxd6 Qxd6 16. Rfd1 Ne4 17. a3 Re6 18. Na4 Rf8 19. Nc5 Re7 20. Qb3 Qb8 21.
Nxe4 Rxe4 22. Rc5 h6 23. Rdc1 Rfe8 24. Qd3 Nf8 25. b4 Nd7 26. R5c2 Rc8 27. b5
Re6 28. Qb3 Rc7 29. a4 g5 30. a5 Kg7 31. Ne1 h5 32. Nd3 h4 33. Nb4 Nf6 34. a6
Rce7 35. Qd3 cxb5 36. Rc8 Qd6 37. Qf5 Qxb4 38. Qxg5+ Kh7 39. Qxh4+ Kg6 40. axb7
Rxb7 41. Rh8 Qb2 42. Rcc8 Qb1+ 43. Kh2 Ra6 44. Rh6+ Kf5 45. Qf4+ {Black resigns}
1-0

[Event "Team 45 45 League T69"]
[Site "Internet Chess Club"]
[Date "2016.06.30"]
[Round "4"]
[White "Ptzz"]
[Black "gaucholoco"]
[Result "1-0"]
[WhiteElo "1982"]
[BlackElo "1940"]
[Opening "QGD: Tarrasch, von Hennig-Schara gambit"]
[ECO "D32"]
[Time "12:09:35"]
[TimeControl "2700+45"]

1. d4 d5 2. c4 e6 3. Nc3 c5 4. cxd5 cxd4 5. Qa4+ Bd7 6. Qxd4 exd5 7. Qxd5 Nf6 8.
Qd1 Bc5 9. e3 Nc6 10. Nf3 Qe7 11. Be2 O-O-O 12. O-O Bf5 13. Qa4 g5 14. b4 Bxb4
15. Nb5 a6 16. Nbd4 Nxd4 17. Nxd4 Rxd4 18. exd4 Nd5 19. Bf3 Nc3 20. Qb3 g4 21.
Bg5 Qxg5 22. Qxb4 Nb5 23. Bxb7+ Kxb7 24. a4 Be4 25. axb5 axb5 26. Rfe1 Re8 27.
Qd6 {Black resigns} 1-0

[Event "Team 45 45 League T69"]
[Site "Internet Chess Club"]
[Date "2016.07.04"]
[Round "4"]
[White "ArturitoGalacti"]
[Black "Tobiasdelmonte"]
[Result "1-0"]
[WhiteElo "1907"]
[BlackElo "1734"]
[Opening "English opening"]
[ECO "A16"]
[Time "21:00:44"]
[TimeControl "2700+45"]

1. c4 Nf6 2. Nc3 c5 3. e4 d6 4. Nf3 g6 5. d4 cxd4 6. Nxd4 Bg7 7. Be2 O-O 8. Be3
Nc6 9. O-O Bd7 10. Qd2 Rc8 11. Nxc6 Bxc6 12. f3 a6 13. Bd4 Re8 14. Nd5 Bxd5 15.
cxd5 Qd7 16. Rac1 h5 17. Rxc8 Rxc8 18. Rc1 Kh7 19. Rxc8 Qxc8 20. Qc3 Qxc3 21.
Bxc3 Nd7 22. Bxg7 Kxg7 23. Kf2 b5 24. Ke3 Nc5 25. Kd4 Kf6 26. f4 e5+ 27. fxe5+
Kg5 28. exd6 Nd7 29. e5 Kf5 30. Bd3+ {Black resigns} 1-0

[Event "Team 45 45 League T69"]
[Site "Internet Chess Club"]
[Date "2016.07.04"]
[Round "4"]
[White "pishd"]
[Black "NashGames"]
[Result "0-1"]
[WhiteElo "1814"]
[BlackElo "2046"]
[Opening "Queen's pawn game"]
[ECO "D05"]
[Time "12:05:02"]
[TimeControl "2700+45"]

1. d4 Nf6 2. Nf3 e6 3. e3 d5 4. Bd3 Nc6 5. O-O Bd6 6. c4 O-O 7. c5 Be7 8. a3 b6
9. Bb5 Bd7 10. cxb6 axb6 11. Qc2 Nb4 12. Qe2 c6 13. Bd3 Nxd3 14. Qxd3 c5 15. Ne5
Bc8 16. Nc6 Qd6 17. Nxe7+ Qxe7 18. Re1 Ne4 19. Nc3 Ba6 20. Qd1 Nxc3 21. bxc3 Bc4
22. e4 dxe4 23. Rxe4 Rfd8 24. Qh5 Rd5 25. Qh3 b5 26. Rh4 Bd3 27. Rf4 Bf5 28. Qf3
h6 29. Qe2 g5 30. Rf3 Bg4 31. Qxb5 Bxf3 32. gxf3 cxd4 33. Qc6 Qa7 34. cxd4 Rxd4
35. Be3 Qa4 36. Qxa4 Rdxa4 37. Bc5 R8a5 38. Rc1 Rf4 39. Kg2 Rh4 40. Kg3 f5 41.
Rc3 Kh7 42. Bb4 Ra6 43. Rd3 Kg6 44. Rd6 Rxd6 45. Bxd6 Rd4 46. Bc5 Rd1 47. Kg2 h5
48. Bb6 Ra1 49. Bc5 h4 50. h3 Kh5 51. Bd6 f4 52. Be7 Kg6 53. Bc5 Kf5 54. Bd6 e5
55. Be7 Rb1 56. Kh2 Rb7 57. Bf8 e4 58. fxe4+ Kxe4 59. Kg2 f3+ 60. Kh2 Kd5 61.
Bh6 Rb2 62. Kg1 Rb1+ 63. Kh2 Rf1 64. Bxg5 Rxf2+ 65. Kh1 Rf1+ 66. Kh2 f2 67. Bxh4
Rh1+ {White resigns} 0-1

[Event "Team 45 45 League T69"]
[Site "Internet Chess Club"]
[Date "2016.06.30"]
[Round "4"]
[White "junard"]
[Black "dp15"]
[Result "0-1"]
[WhiteElo "1922"]
[BlackElo "2020"]
[Opening "QGD Slav: Dutch variation"]
[ECO "D18"]
[Time "22:16:22"]
[TimeControl "2700+45"]

1. d4 d5 2. Nf3 Nf6 3. c4 c6 4. Nc3 dxc4 5. a4 Bf5 6. e3 e6 7. Bxc4 Bb4 8. Ne5
Nbd7 9. Nxd7 Nxd7 10. O-O O-O 11. f3 Qa5 12. e4 Bg6 13. Qb3 e5 14. Na2 Bd6 15.
Qxb7 Nb6 16. Bb3 Rfc8 17. Rd1 exd4 18. Bd2 Qh5 19. f4 Bxe4 20. Re1 Bd3 21. Rac1
Rc7 22. Qxa8+ Nxa8 23. Re8+ Bf8 24. Rxa8 Be4 25. Re1 Qg6 26. g3 Rb7 27. Bb4 Rxb4
28. Nxb4 h6 29. f5 Qxf5 30. Rf1 Qc5 31. Rxf7 Kh7 32. Rfxf8 d3+ 33. Rf2 Qc1+ 34.
Rf1 Qxb2 35. Bg8+ Kg6 36. Bf7+ Kg5 {White forfeits on time} 0-1

[Event "Team 45 45 League T69"]
[Site "Internet Chess Club"]
[Date "2016.06.30"]
[Round "4"]
[White "joebobpop"]
[Black "laurenpar"]
[Result "1-0"]
[WhiteElo "1950"]
[BlackElo "1909"]
[Opening "French: Burn variation"]
[ECO "C11"]
[Time "22:01:26"]
[TimeControl "2700+45"]

1. e4 e6 2. d4 d5 3. Nc3 Nf6 4. Bg5 dxe4 5. Nxe4 Be7 6. Nxf6+ gxf6 7. Bf4 Nc6 8.
Nf3 Bd6 9. Bxd6 Qxd6 10. c3 Bd7 11. Bd3 O-O-O 12. Qc2 Qf4 13. Qd2 Qg4 14. Rg1
Ne7 15. O-O-O Bc6 16. h3 Qh5 17. Be2 Qa5 18. Kb1 Be4+ 19. Bd3 Bxf3 20. gxf3 Ng6
21. Qh6 Qd5 22. Be4 Qd6 23. d5 Qf4 24. Rxg6 {Black resigns} 1-0

[Event "Team 45 45 League T69"]
[Site "Internet Chess Club"]
[Date "2016.06.29"]
[Round "4"]
[White "LiangLiang"]
[Black "samit"]
[Result "0-1"]
[WhiteElo "1809"]
[BlackElo "1490"]
[Opening "Sicilian defense"]
[ECO "B33"]
[Time "20:01:20"]
[TimeControl "2700+45"]

1. e4 c5 2. Nf3 Nc6 3. d4 cxd4 4. Nxd4 Nf6 5. Nc3 e6 6. Be3 Bb4 7. f3 d5 8. Bb5
Bd7 9. Bxc6 bxc6 10. e5 Ng8 11. a3 Ba5 12. Nb3 Bb6 13. Nc5 Ne7 14. O-O Nf5 15.
Bf2 O-O 16. b4 Bc8 17. a4 Qg5 18. Qe2 a5 19. b5 d4 20. N3e4 Qe7 21. Qc4 cxb5 22.
axb5 Rd8 23. Rad1 Bb7 24. Na4 Rac8 25. Qd3 Bc7 26. g4 Ne3 27. Bxe3 dxe3 28. Qxe3
Bxe5 29. Nec5 Bf6 30. c4 Ba8 31. Kg2 Bg5 32. Qg1 Qf6 33. Qf2 Qf4 34. Rxd8+ Rxd8
35. Qg3 Qxc4 36. b6 Be3 37. Qc7 Qxg4+ 38. Qg3 Bxf3+ 39. Rxf3 Rd2+ {White
resigns} 0-1

[Event "Team 45 45 League T69"]
[Site "Internet Chess Club"]
[Date "2016.06.30"]
[Round "4"]
[White "JefferyChess"]
[Black "WCourson"]
[Result "1-0"]
[WhiteElo "1926"]
[BlackElo "1755"]
[Opening "Ruy Lopez: Schliemann defense"]
[ECO "C63"]
[Time "14:03:58"]
[TimeControl "2700+45"]

1. e4 e5 2. Nf3 Nc6 3. Bb5 f5 4. d3 fxe4 5. dxe4 Nf6 6. O-O d6 7. Qd3 Be6 8. Nc3
Qd7 9. Nd5 a6 10. Ba4 b5 11. Bb3 Bxd5 12. Bxd5 Nb4 13. Qd1 c6 14. Bb3 a5 15. a3
Na6 16. Ng5 d5 17. Re1 h6 18. Nf3 Nxe4 19. Nxe5 Qf5 20. Nxc6 Qxf2+ 21. Kh1 Bc5
22. g3 Be7 23. Bxd5 Nac5 24. Bxe4 Nxe4 25. Rxe4 O-O 26. Nxe7+ Kh7 27. Bf4 Rad8
28. Qh5 Rf6 29. Nd5 Rf7 {Black resigns} 1-0

[Event "Team 45 45 League T69"]
[Site "Internet Chess Club"]
[Date "2016.07.02"]
[Round "4"]
[White "PoisonPawn"]
[Black "Gilligan"]
[Result "1/2-1/2"]
[WhiteElo "2074"]
[BlackElo "1969"]
[Opening "Evans gambit"]
[ECO "C52"]
[Time "15:13:34"]
[TimeControl "2700+45"]

1. e4 e5 2. Nf3 Nc6 3. Bc4 Bc5 4. b4 Bxb4 5. c3 Ba5 6. d4 exd4 7. Qb3 Qf6 8. O-O
Nge7 9. cxd4 Bb6 10. e5 Qg6 11. Qd1 O-O 12. d5 Nb4 13. a3 Na6 14. d6 Nf5 15. Bd3
Qh5 16. Bb2 cxd6 17. Qc2 Nh4 18. Nxh4 Qxh4 19. exd6 Bd8 20. Nd2 b6 21. Nf3 Qh5
22. Be4 Rb8 23. Ne5 Nc5 24. Bf3 Qg5 25. Rad1 Bf6 26. Rfe1 Ba6 27. Rd4 Bxe5 28.
Rg4 Qxg4 29. Bxg4 Bxb2 30. Qxb2 Nd3 31. Qe2 Nxe1 32. Qxa6 Rfd8 33. Qxa7 Nc2 34.
a4 Ra8 35. Qc7 Rac8 36. Qa7 Ra8 37. Qc7 Rac8 38. Qa7 Ra8 39. Qc7 Rac8 40. Bxd7
Rxc7 41. dxc7 Ra8 42. Kf1 Kf8 43. c8=Q+ Rxc8 44. Bxc8 {Game drawn by mutual
agreement} 1/2-1/2

[Event "Team 45 45 League T69"]
[Site "Internet Chess Club"]
[Date "2016.07.04"]
[Round "4"]
[White "gump12345"]
[Black "jorobo"]
[Result "1-0"]
[WhiteElo "2040"]
[BlackElo "2016"]
[Opening "French: Tarrasch, closed variation, main line"]
[ECO "C06"]
[Time "22:03:48"]
[TimeControl "2700+45"]

1. e4 e6 2. d4 d5 3. Nd2 Nf6 4. e5 Nfd7 5. Bd3 c5 6. c3 Nc6 7. Ne2 cxd4 8. cxd4
Qb6 9. O-O Nxd4 10. Nxd4 Qxd4 11. Nf3 Qb6 12. Qa4 Qb4 13. Qc2 g6 14. Bd2 Qe7 15.
Rac1 Bg7 16. Qxc8+ Rxc8 17. Rxc8+ Qd8 18. Rxd8+ Kxd8 19. Bg5+ {Black resigns}
1-0

[Event "Team 45 45 League T69"]
[Site "Internet Chess Club"]
[Date "2016.07.02"]
[Round "4"]
[White "Percival"]
[Black "xwang1"]
[Result "0-1"]
[WhiteElo "2096"]
[BlackElo "2137"]
[Opening "King's Indian: orthodox, Aronin-Taimanov, 9.Ne1"]
[ECO "E98"]
[Time "22:06:24"]
[TimeControl "2700+45"]

1. d4 Nf6 2. c4 g6 3. Nc3 Bg7 4. e4 d6 5. Nf3 O-O 6. Be2 e5 7. O-O Nc6 8. d5 Ne7
9. Ne1 Nd7 10. Be3 f5 11. f3 f4 12. Bf2 g5 13. a4 a5 14. Nd3 Nf6 15. c5 Ng6 16.
cxd6 cxd6 17. Rc1 Rf7 18. b3 h5 19. Nb2 g4 20. Nc4 g3 21. hxg3 fxg3 22. Bxg3 h4
23. Bf2 Nh5 24. Re1 Ngf4 25. Bf1 Ng3 26. Ne3 Qg5 27. Ng4 Bxg4 28. fxg4 Raf8 29.
Rc2 Nxf1 30. Rxf1 h3 31. g3 h2+ 32. Kxh2 Qh6+ 33. Kg1 Qh3 34. gxf4 Rxf4 35. Ne2
Rf3 36. Qe1 Bh6 37. Rc3 Qxg4+ 38. Ng3 Rxc3 39. Qxc3 Rf3 40. Qe1 Be3 41. Kg2 Bxf2
42. Rxf2 Qxg3+ 43. Kf1 Qh3+ {White resigns} 0-1

[Event "Team 45 45 League T69"]
[Site "Internet Chess Club"]
[Date "2016.06.30"]
[Round "4"]
[White "SAC2001"]
[Black "nurmi"]
[Result "1/2-1/2"]
[WhiteElo "1943"]
[BlackElo "2081"]
[Opening "Ruy Lopez: fianchetto (Smyslov/Barnes) defense"]
[ECO "C60"]
[Time "23:01:51"]
[TimeControl "2700+45"]

1. e4 e5 2. Nf3 Nc6 3. Bb5 g6 4. c3 a6 5. Bxc6 dxc6 6. O-O Bg7 7. d4 exd4 8.
cxd4 Bg4 9. Be3 c5 10. Nbd2 cxd4 11. Bf4 Ne7 12. h3 Bxf3 13. Nxf3 c5 14. Rc1 Rc8
15. b3 O-O 16. Qd3 b5 17. Rfd1 Nc6 18. Rxc5 Qb6 19. Rcc1 Nb4 20. Qd2 Rc3 21. a3
Nc6 22. Bh6 Rxb3 23. Bxg7 Kxg7 24. Nxd4 Nxd4 25. Qxd4+ Qxd4 26. Rxd4 Rxa3 27.
Rc7 a5 28. Rb7 b4 29. e5 b3 30. e6 a4 31. e7 Re8 32. Rd8 Rxe7 33. Rxe7 Ra1+ 34.
Kh2 b2 35. Rb8 b1=Q 36. Rxb1 Rxb1 37. Ra7 Ra1 38. Kg3 a3 39. Kf3 Kf6 40. Kf4 Ke6
41. Kg5 h5 42. g3 a2 43. h4 Ke5 44. Kh6 Kf6 45. Ra6+ Kf5 46. Kg7 Kg4 47. Kxf7
Kf3 48. Kxg6 Kxf2 49. Kxh5 Kxg3 50. Ra3+ Kf4 51. Ra4+ Ke3 52. Kh6 Kd3 53. h5 Kc3
54. Kh7 Kb3 55. Ra5 Rh1 56. h6 Rh4 57. Rxa2 Kxa2 58. Kg7 Rxh6 59. Kxh6 {Game
drawn because neither player has mating material} 1/2-1/2

[Event "Team 45 45 League T69"]
[Site "Internet Chess Club"]
[Date "2016.07.02"]
[Round "4"]
[White "zepled37"]
[Black "santiagoelawad"]
[Result "0-1"]
[WhiteElo "1710"]
[BlackElo "1994"]
[Opening "Caro-Kann: Steinitz variation"]
[ECO "B17"]
[Time "10:09:58"]
[TimeControl "2700+45"]

1. e4 c6 2. d4 d5 3. Nd2 dxe4 4. Nxe4 Nd7 5. Nf3 Ngf6 6. Nxf6+ Nxf6 7. Ne5 Be6
8. Be2 g6 9. O-O Bg7 10. c4 O-O 11. Be3 Ne4 12. Qc2 Nd6 13. b3 Nf5 14. Qd2 Qd6
15. c5 Qd8 16. Rad1 Bd5 17. Bf3 Bxf3 18. Nxf3 Qd5 19. Qb4 Qd7 20. Rd2 a5 21. Qc3
Rfd8 22. Rfd1 Qd5 23. a4 Qe4 24. Ng5 Qd5 25. Nf3 h6 26. Qd3 e6 27. Bf4 g5 28.
Be3 f6 29. Ne1 Rd7 30. Qc4 Rad8 31. Qc3 Ra8 32. Nc2 Nh4 33. f3 Nf5 34. Bf2 Rdd8
35. Ne3 Nxe3 36. Qxe3 f5 37. Re2 Kf7 38. Red2 Rd7 39. Qc3 Bf6 40. Bg3 f4 41. Bf2
h5 42. Qd3 Rh8 43. Qc3 g4 44. Kf1 Rg8 45. Qd3 Rg7 46. Bg1 Rd8 47. Re1 gxf3 48.
gxf3 Qg5 49. Ke2 Qd5 50. Kd1 e5 51. Qc4 Qxc4 52. bxc4 exd4 53. Kc2 Rg5 54. Red1
Rxc5 55. Kb3 b5 56. axb5 cxb5 57. Bxd4 Rxc4 58. Bxf6 Rxd2 59. Rxd2 Rb4+ 60. Ka3
Kxf6 61. Rd5 Kg6 62. Rc5 h4 63. Rc6+ Kg5 64. Rc5+ Kf6 65. Rc6+ Ke5 66. Rh6 Kd4
67. Rc6 Ke3 68. Ra6 Ra4+ 69. Kb3 Kxf3 70. Rb6 Kg2 71. Rxb5 Rb4+ {White resigns}
0-1

[Event "Team 45 45 League T69"]
[Site "Internet Chess Club"]
[Date "2016.07.02"]
[Round "4"]
[White "kabindra"]
[Black "justice02"]
[Result "1/2-1/2"]
[WhiteElo "1650"]
[BlackElo "1640"]
[Opening "French: Tarrasch, closed variation"]
[ECO "C05"]
[Time "22:00:37"]
[TimeControl "2700+45"]

1. e4 e6 2. d4 d5 3. Nd2 Nf6 4. e5 Nfd7 5. Bd3 c5 6. c3 Nc6 7. Ne2 Be7 8. O-O
Qb6 9. Nf3 h6 10. a3 a5 11. Bb1 Qd8 12. Bf4 b6 13. Re1 g5 14. Be3 Ba6 15. Bc2
Rb8 16. b4 cxd4 17. cxd4 axb4 18. axb4 Bxe2 19. Qxe2 Bxb4 20. Reb1 Be7 21. Ra6
Nb4 22. Ra7 Nxc2 23. Qxc2 Rc8 24. Qa4 Rc7 25. Ra8 Rc8 26. Ra7 Rc7 {Game drawn by
mutual agreement} 1/2-1/2

[Event "Team 45 45 League T69"]
[Site "Internet Chess Club"]
[Date "2016.07.01"]
[Round "4"]
[White "Grenadier"]
[Black "losscause"]
[Result "0-1"]
[WhiteElo "1584"]
[BlackElo "1566"]
[Opening "French: advance variation"]
[ECO "C02"]
[Time "20:00:45"]
[TimeControl "2700+45"]

1. e4 e6 2. d4 d5 3. e5 c5 4. c3 cxd4 5. cxd4 Nc6 6. Nf3 Nge7 7. Bg5 Qb6 8. b3
Nf5 9. Be3 Nxe3 10. fxe3 Bb4+ 11. Nbd2 O-O 12. Bd3 f6 13. exf6 Rxf6 14. O-O Bd7
15. Rc1 Raf8 16. a4 Bd6 17. Ng5 Rxf1+ 18. Nxf1 h6 19. Nf3 Qd8 20. Qe2 e5 21.
dxe5 Nxe5 22. Nxe5 Bxe5 23. e4 d4 24. Qh5 Qf6 25. Rc2 a6 26. Qe2 Bc6 27. Qe1 Qe7
28. Ng3 g6 29. Qd2 Bf4 30. Qe1 Kg7 31. Nf1 Qe5 32. g3 Bg5 33. Rf2 Re8 34. Re2
Rf8 35. Nd2 b5 36. Rf2 Be3 37. axb5 Bxf2+ 38. Qxf2 Rxf2 39. Nc4 Qxb5 40. Kxf2
Qxb3 41. Ne5 Qe6 42. Nxc6 Qxc6 {White resigns} 0-1